 Dungeon Crawl Stone Soup version 0.21.1-1-g345015fe64 (webtiles) character file.

7359 GreedyOne the Cleaver (level 11, -4/77 HPs)
             Began as a Formicid Fighter on June 15, 2018.
             Was a Follower of Uskayaw.
             Killed from afar by a wretched star (19 damage)
             ... with an orb of energy
             ... on level 1 of the Abyss.
             The game lasted 00:50:21 (11069 turns).

GreedyOne the Cleaver (Formicid Fighter)           Turns: 11069, Time: 00:50:21

Health: -4/77      AC:  6    Str: 24      XL:     11   Next: 35%
Magic:  7/10       EV: 15    Int:  8      God:    Uskayaw [*.....]
Gold:   403        SH: 13    Dex: 16 (17) Spells: 10/10 levels left

rFire    + . .     SeeInvis +   h - +0 battleaxe
rCold    + . .     Gourm    .   c - +0 shield
rNeg     . . .     Faith    +   H - +0 scale mail (curse)
rPois    +         Spirit   .   (helmet unavailable)
rElec    +         Reflect  .   (no cloak)
rCorr    +         Harm     .   (no gloves)
MR       +....                  t - +0 pair of boots
Stlth    ++........             u - amulet of faith
HPRegen  0.22/turn              C - ring of stealth
MPRegen  0.12/turn              r - +6 ring of dexterity

@: agile, resistant
A: permanent stasis, dig shafts and tunnels, four strong arms, antennae 3,
[blurry vision 2], [clumsy 2], [deformed body], [low mp 2]
a: Dig, Shaft Self, Stomp, Renounce Religion


You were on level 1 of the Abyss.
You worshipped Uskayaw.
Uskayaw was noncommittal.
You were not hungry.

You visited 2 branches of the dungeon, and saw 11 of its levels.
You visited the Abyss 1 time.

You collected 403 gold pieces.

Inventory:

Hand Weapons
 a - a +0 war axe
 h - a +0 battleaxe (weapon)
Armour
 c - a +0 shield (worn)
 t - a +0 pair of boots (worn)
 H - a cursed +0 scale mail (worn)
Jewellery
 m - a +3 ring of evasion
 r - a +6 ring of dexterity (right hand)
 u - an amulet of faith (around neck)
 y - an uncursed ring of positive energy
 z - an uncursed ring of protection from cold
 C - a ring of stealth (left hand)
Wands
 q - a wand of paralysis (12)
 D - a wand of disintegration (8)
Scrolls
 g - 5 scrolls of amnesia
 j - a scroll of random uselessness {unknown}
 l - a scroll of blinking {unknown}
 n - 4 scrolls of teleportation
 o - 4 scrolls of remove curse
 s - 3 scrolls of magic mapping
 v - a scroll of enchant weapon {unknown}
 w - a scroll of acquirement {unknown}
 x - a scroll of noise {unknown}
Potions
 d - a potion of might
 i - 5 potions of ambrosia
 k - a potion of curing
 A - 2 potions of lignification
 E - a potion of invisibility {unknown}
 G - a potion of magic
Books
 b - a book of Flames

   Spells                             Type                      Level
   a - Flame Tongue                   Conjuration/Fire             1
   b - Throw Flame                    Conjuration/Fire             2
   c - Conjure Flame                  Conjuration/Fire             3
   d - Inner Flame                    Hexes/Fire                   3
   e - Sticky Flame                   Conjuration/Fire             4
   f - Fireball                       Conjuration/Fire             5
Comestibles
 f - 13 rations


   Skills:
 + Level 4.0 Fighting
 * Level 12.1 Axes
 + Level 8.6 Armour
 + Level 10.9 Shields
 + Level 2.2 Invocations


You had 10 spell levels left.
You didn't know any spells.

Dungeon Overview and Level Annotations

Branches:
Dungeon (10/15)            Temple (1/1) D:4            Lair (0/6) D:9
    Orc: D:9-12

Altars:
Ashenzari
Cheibriados
Dithmenos
Elyvilon
Fedhas
Gozag
Hepliaklqana
Kikubaaqudgha
Makhleb
Nemelex Xobeh
Okawaru
Qazlal
Ru
Sif Muna
Trog
Uskayaw
Vehumet
Wu Jian
Xom
Yredelemnul
Zin
The Shining One

Shops:
D:5 :   D:6 [   D:9 (

Annotations:
D:3 1 runed door, exclusions: angel, door, 3 downstairs, upstairs and 8 more exclusions
D:8 Gastronok
D:10 Sonja


Innate Abilities, Weirdness & Mutations

You cannot be hasted, slowed, berserked, paralysed or teleported.
You can dig through walls and to a lower floor.
Your four strong arms can wield two-handed weapons with a shield.
You have a pair of large antennae on your head. (SInv)
[Scrolls take you longer to read.]
[You are very clumsy. (Dex -4)]
[Armour fits poorly on your strangely shaped body.]
[Your magical capacity is very low. (-20% MP)]


Message History

The starcursed mass is no longer paralysed.
Aiming: Line Pass
Press: ? - help, Dir - move target cursor The wretched star appears confused.
You feel somewhat more hungry.
A starcursed mass splits.
The wretched star seems less confused.
The wretched star glows turbulently.
The orb of energy hits you!
* * * LOW HITPOINT WARNING * * *
You can no longer pass through a line of other dancers.
Evoke which item? (* to show all) (? for menu, Esc to quit)
Aiming: Paralyse
Press: ? - help, Shift-Dir - straight line, f - large abomination
Aim: a large abomination (chance to defeat MR: 1%)
Okay, then.
A chorus of shrieks assaults your mind.
* * * LOW HITPOINT WARNING * * *
The wretched star glows turbulently.
The orb of energy hits you!
You die...

..............##
#..#.#.XX#### #
#.....#..#
.##.#.....#
...##*..## ##
#.##.###
....#..X.#
#.....##
#....##@# ...#
#...# #. ..#....
##...#.#.. .
##..# ## .. #..
.# .. ## .#.


You could see 2 starcursed masses, a wretched star and a large abomination.

Vanquished Creatures
  Erica (D:8)
  A two-headed ogre (D:8)
  A smoke demon (Abyss:1)
  Joseph (D:8)
  A centaur skeleton (D:10)
  A troll (D:8)
  Prince Ribbit (D:6)
  Grinder (D:5)
  3 yaks
  The ghost of Henning the Chopper, an amateur MiBe of Trog (D:4)
  Eustachio (D:4)
  2 ice beasts
  A black bear (D:8)
  2 necrophages (D:8)
  6 ogres
  2 phantoms
  A centaur (D:9)
  Blork the orc (D:5)
  6 bullfrogs
  A gnoll sergeant (D:7)
  2 wyvern skeletons
  A water moccasin zombie (D:8)
  3 scorpions
  6 killer bees
  7 wights
  2 howler monkeys (D:8)
  An electric eel (D:7)
  3 crimson imps
  A bullfrog zombie (D:9)
  A quasit (Abyss:1)
  2 orc priests
  3 jellies
  4 hounds
  10 worker ants
  4 orc wizards
  A worker ant zombie (D:8)
  14 gnolls
  13 adders
  3 shadow imps
  2 oozes (D:3)
  An adder skeleton (D:4)
  5 worms
  5 leopard geckos
  21 orcs
  5 giant cockroaches
  8 goblins
  11 hobgoblins
  3 jackals (D:7)
  4 kobolds
  3 quokkas
  3 ball pythons
  10 bats
  3 frilled lizards
  2 leopard gecko skeletons (D:6)
  2 quokka zombies (D:5)
  8 rats
212 creatures vanquished.

Notes
Turn   | Place    | Note
-------+----------+-------------------------------------------
     0 | D:1      | GreedyOne the Formicid Fighter began the quest for the Orb.
     0 | D:1      | Reached XP level 1. HP: 18/18 MP: 1/1
   125 | D:1      | Reached XP level 2. HP: 17/24 MP: 2/2
   316 | D:1      | Reached skill level 3 in Axes
   649 | D:2      | Reached XP level 3. HP: 22/29 MP: 3/3
  1002 | D:2      | Reached skill level 4 in Axes
  1002 | D:2      | Reached XP level 4. HP: 30/35 MP: 4/4
  1042 | D:2      | You fall through a shaft!
  1589 | D:3      | Reached skill level 5 in Axes
  1589 | D:3      | Reached XP level 5. HP: 32/41 MP: 5/5
  2178 | D:3      | Found a glowing golden altar of the Shining One.
  2179 | D:3      | Found a runed door.
  2179 | D:3      | Noticed an angel
  2472 | D:3      | Reached XP level 6. HP: 38/47 MP: 6/6
  2719 | D:4      | Reached skill level 5 in Shields
  3026 | D:4      | Noticed Eustachio
  3026 | D:4      | Noticed Henning's ghost (amateur MiBe)
  3137 | D:4      | Noticed an ogre
  3146 | D:4      | Killed an ogre
  3146 | D:4      | Reached skill level 6 in Axes
  3146 | D:4      | Reached XP level 7. HP: 52/52 MP: 7/7
  3167 | D:4      | Found a staircase to the Ecumenical Temple.
  3174 | Temple   | Entered the Ecumenical Temple
  3602 | D:4      | Killed Eustachio
  3954 | D:4      | Killed Henning's ghost
  3954 | D:4      | Reached skill level 7 in Axes
  3954 | D:4      | Reached XP level 8. HP: 33/58 MP: 8/8
  4211 | D:5      | Entered Level 5 of the Dungeon
  4352 | D:5      | Noticed Grinder
  4373 | D:5      | Killed Grinder
  4816 | D:5      | Noticed Blork the orc
  4827 | D:5      | Killed Blork the orc
  4827 | D:5      | Reached skill level 8 in Axes
  4963 | D:5      | Found Facutuq's Book Emporium.
  5298 | D:6      | Found Loman's Armour Emporium.
  5366 | D:6      | Noticed Prince Ribbit
  5953 | D:6      | Killed Prince Ribbit
  5953 | D:6      | Reached skill level 5 in Armour
  5953 | D:6      | Reached XP level 9. HP: 60/64 MP: 9/9
  6223 | D:7      | Reached skill level 9 in Axes
  7112 | D:7      | Reached skill level 10 in Axes
  7112 | D:7      | Reached XP level 10. HP: 32/70 MP: 10/10
  7935 | D:8      | Noticed Joseph
  7952 | D:8      | Killed Joseph
  7985 | D:8      | Found a hide-covered altar of Uskayaw.
  7997 | D:8      | Became a worshipper of Uskayaw the Reveler
  8032 | D:8      | Reached * piety under Uskayaw
  8033 | D:8      | Reached ** piety under Uskayaw
  8047 | D:8      | Noticed a two-headed ogre
  8196 | D:8      | Reached *** piety under Uskayaw
  8197 | D:8      | Killed a two-headed ogre
  8197 | D:8      | Reached skill level 11 in Axes
  8197 | D:8      | Reached skill level 10 in Shields
  8200 | D:8      | Noticed Erica
  8222 | D:8      | Killed Erica
  8222 | D:8      | Reached **** piety under Uskayaw
  8515 | D:8      | Reached XP level 11. HP: 20/75 MP: 11/11
  9125 | D:8      | Noticed Gastronok
  9516 | D:9      | Found a staircase to the Lair.
  9930 | D:9      | Found Kiaph's Weapon Shop.
 10091 | D:10     | Entered Level 10 of the Dungeon
 10133 | D:9      | Reached skill level 1 in Invocations
 10371 | D:10     | Noticed Sonja
 10767 | D:10     | Reached skill level 12 in Axes
 10878 | D:10     | Cast into level 1 of the Abyss (Sonja)
 10944 | Abyss:1  | Noticed a large abomination
 11028 | Abyss:1  | Noticed a wretched star
 11051 | Abyss:1  | Noticed a starcursed mass
 11069 | Abyss:1  | Killed from afar by a wretched star

Skill      XL: |  1  2  3  4  5  6  7  8  9 10 11 |
---------------+----------------------------------+-----
Axes           | 3 4 5 6 7 8 10 11 12 | 12.1
Shields        | 4 5 6 8 9 10 | 10.9
Armour         | 5 6 8 |  8.6
Invocations    | 2 |  2.2
Fighting       | 4 |  4.0

Action                   |  1- 3 |  4- 6 |  7- 9 | 10-12 || total
-------------------------+-------+-------+-------+-------++-------
Melee: War axe           |   102 |   237 |   335 |   201 ||   875
       Battleaxe         |       |       |       |    88 ||    88
Invok: Line Pass         |       |       |       |     1 ||     1
Evoke: Wand              |       |     2 |     1 |       ||     3
  Use: Scroll            |       |     5 |       |     8 ||    13
       Potion            |       |       |     2 |     6 ||     8
 Stab: Paralysed         |       |     4 |     5 |     8 ||    17
  Eat: Chunk             |       |     7 |     6 |     7 ||    20
       Ration            |       |       |     2 |     2 ||     4
Armor: Scale mail        |    55 |    58 |    81 |    60 ||   254
Dodge: Dodged            |    30 |    63 |   118 |   130 ||   341
Block: Shield            |    68 |   107 |   178 |   171 ||   524
